 Dungeon Crawl Stone Soup version 0.31-a0-210-gccc998df9b (webtiles) character file.

Game seed: 5360133586645559240

1176 ytrimaz the Grave Robber (level 8, 0/62 HPs)
             Began as a Mummy Necromancer on June 30, 2023.
             Slain by a white imp (2 damage)
             ... on level 6 of the Dungeon.
             The game lasted 00:09:14 (6326 turns).

ytrimaz the Grave Robber (Mummy Necromancer)        Turns: 6326, Time: 00:09:15

Health: 0/62       AC:  2    Str: 11    XL:     8   Next: 18%
Magic:  10/18      EV: 12    Int: 19    God:
Gold:   223        SH:  0    Dex: 13    Spells: 7/20 levels left

rFire   x . .        (no weapon)
rCold   + . .        (no shield)
rNeg    + + +        a - +0 robe
rPois   ∞            c - +0 hat {Int+3}
rElec   .            (no cloak)
rCorr   .            (no gloves)
SInv    .            (no boots)
Will    +....        (no amulet)
Stlth   ++           h - +4 ring of slaying
HPRegen 0.30/turn    (no ring)
MPRegen 0.16/turn

%: faith
@: no status effects
A: cold resistance 1, negative energy resistance 3, torment resistance 2, heat
vulnerability 1, in touch with death 1, no potions, faith
a: no special abilities


You were on level 6 of the Dungeon.
You visited 2 branches of the dungeon, and saw 7 of its levels.

You collected 223 gold pieces.


Innate Abilities, Weirdness & Mutations

You are immune to poison.
Your flesh is cold resistant. (rC+)
You are immune to negative energy. (rN+++)
You are immune to unholy pain and torment.
You are vulnerable to heat. (rF-)
You are in touch with the powers of death.
You do not drink.
You have a special connection with the divine. (Faith)


   Skills:
 + Level 5.1 Fighting
 - Level 1.5 Dodging
 - Level 1.5 Stealth
 * Level 6.9 Spellcasting
 * Level 7.3 Necromancy


You had 7 spell levels left.
You knew the following spells:

 Your Spells              Type           Power      Damage    Failure   Level
a - Necrotise             Necr           100%       1d9       1%          1
b - Vampiric Draining     Necr           51%        2d9       1%          3
c - Animate Dead          Necr           51%        N/A       4%          4
d - Agony                 Necr           51%        N/A       14%         5

Your spell library contained the following spells:

 Spells                   Type           Power      Damage    Failure   Level
 Cigotuvi's Dreadful Rot  Necr/Pois/Air  46%        N/A       5%          2
 Poisonous Vapours        Pois/Air       12%        N/A       16%         2
 Scorch                   Fire           12%        2d6       16%         2
 Ignite Poison            Fire/Tmut/Pois 6%         N/A       30%         3
 Volatile Blastmotes      Fire/Tloc      12%        2d11      30%         3
 Flame Wave               Conj/Fire      6%         2d5       71%         4
 Fulminant Prism          Conj/Hex       3%         3d5       71%         4
 Iskenderun's Mystic Bla  Conj/Tloc      6%         2d4       71%         4
 Freezing Cloud           Conj/Ice/Air   3%         6-21      96%         5
 Lee's Rapid Deconstruct  Erth           3%         3d5*      96%         5
 Summon Cactus Giant      Summ           3%         N/A       100%        6
 Maxwell's Capacitive Co  Air            3%         ∞         100%        8
 Blade Hands              Tmut           Unusable   N/A       N/A         5

Inventory:

Armour
 a - a +0 robe (worn)
 c - a +0 hat of intelligence (worn)
   (You found it on level 1 of the Dungeon)
Jewellery
 h - a +4 ring of slaying (left hand)
   (You found it on level 3 of the Dungeon)
Scrolls
 b - a scroll of amnesia
 d - 3 scrolls of identify
 e - a scroll of enchant weapon
 g - a scroll of fear
 i - a scroll of poison
 j - a scroll of torment
 k - a scroll of noise

Dungeon Overview and Level Annotations

Branches:
Dungeon (6/15) Zot: 26733  Temple (1/1) D:5 Zot: 5951

Altars:
Ashenzari
Dithmenos
Fedhas
Hepliaklqana
Makhleb
Qazlal
Sif Muna
Uskayaw
Yredelemnul

Annotations:
D:3 3 runed translucent doors, roflturtle's ghost, amateur TeFE
D:6 Maggie

# # ...# # ...# #
...# ###### ...#
...@.# ##...## ####.#
#.....# # #.#
###.....# # #.# ..
#.@.# # #.# .. #5###
. #@## .# #g.######..
# #..####.#
#..........
##o†).#.##...#..##...
####@#.####.#..#
#<#.# #.....#
#oo$##...o....
##..##..........


You could see a gnoll and a white imp.


Message History

😮 HP[+1] 😮 MP[+1] Maggie hits your scorpion zombie with a +1 glaive of protection!!
Your scorpion zombie hits Maggie but does no damage.
Maggie casts a spell.
Maggie attempts to bespell you!
You are mesmerised by Maggie!
Your scorpion zombie hits Maggie but does no damage.
Maggie hits your scorpion zombie with a +1 glaive of protection! 😮 HP[+1]
You break out of your daze! 😮 HP[+1] MP[+1]
Your scorpion zombie hits Maggie but does no damage.
Maggie casts a spell at you.
The bolt of fire hits your scorpion zombie!!
Your scorpion zombie is destroyed!
The bolt of fire hits you!! The fire burns you terribly!
* * * LOW HITPOINT WARNING * * *
😱 HP[-28]
You take 28 damage, and now have 14/62 hp.
MASSIVE DAMAGE!! (PAUSE)
Your reaping aura is weakening. 😱 HP[+1]
As you read the scroll of teleportation, it crumbles to dust.
You feel strangely unstable. 😱 MP[+1] 😨 HP[+1] Unknown command.
You start resting.
Your surroundings suddenly seem different.
A white imp comes into view.
Found a stone staircase leading down.
Your reaping aura expires.
There are monsters nearby!
The white imp shouts, "Accept thy doom, thou venomed clay-brained bundle of gauze!"
The orc shouts!
The white imp gestures at you. The puff of frost misses you.
You hear a shout! x2 😨 HP[+1] 😨 HP[+1] MP[+1]
The white imp gestures at you. The puff of frost hits you. You resist.
* * * LOW HITPOINT WARNING * * *
😱 HP[-5]
You take 5 damage, and now have 13/62 hp.
Okay, then. 😱 HP[+1] 😱 MP[+1]
The orc misses you. 😱 HP[+1]
Casting: Vampiric Draining (safe; 1% risk of failure)
Confirm with . or Enter, or press ? or * to list all spells.
Aiming: Vampiric Draining (safe; 1% risk of failure)
Press: ? - help, Shift-Dir - straight line, f - orc
Aim: an orc, wielding a +0 club and wearing a +0 ring mail You feel a surge of power!
You draw life force from the orc!
You kill the orc!
You feel life coursing into your body. 😨 HP[+3] MP[-3]
You regained 3 hp, and now have 18/62 hp.
You lost 3 mp, and now have 8/18 mp.
You barely miss the white imp.
The white imp hits you but does no damage.
You hit the white imp. The white imp gestures at you.
The puff of frost hits you. You resist.
* * * LOW HITPOINT WARNING * * *
😱 HP[-3]
You take 3 damage, and now have 15/62 hp.
You completely miss the white imp.
The white imp hits you but does no damage.
You hit the white imp.
A gnoll comes into view. It is wielding a +0 flail.
The white imp closely misses you. 😱 MP[+1]
You hit the white imp but do no damage. The white imp closely misses you.
You closely miss the white imp. The white imp hits you.
* * * LOW HITPOINT WARNING * * *
The white imp freezes you. You resist.
* * * LOW HITPOINT WARNING * * *
😱 HP[-3]
You take 3 damage, and now have 12/62 hp.
You hit the white imp. The white imp closely misses you.
You completely miss the white imp. The white imp gestures at you.
The puff of frost hits you. You resist.
* * * LOW HITPOINT WARNING * * *
😱 HP[-5]
You take 5 damage, and now have 7/62 hp.
You barely miss the white imp. The white imp hits you.
* * * LOW HITPOINT WARNING * * *
The white imp freezes you. You resist.
* * * LOW HITPOINT WARNING * * *
😱 HP[-3]
You take 3 damage, and now have 4/62 hp.
You barely miss the white imp. The white imp hits you.
* * * LOW HITPOINT WARNING * * *
The white imp freezes you. You resist.
You die...

Skill      XL: |  1  2  3  4  5  6  7 |
---------------+----------------------+-----
Fighting       | 1 2 3 4 5 |  5.1
Spellcasting   | 3 4 6 |  6.9
Necromancy     | 5 6 7 |  7.3
Dodging        | |  1.5
Stealth        | |  1.5

Action                     |  1- 3 |  4- 6 |  7- 9 || total
---------------------------+-------+-------+-------++-------
  Melee: Unarmed           |     9 |    19 |    40 ||    68
   Cast: Necrotise         |    60 |   106 |    43 ||   209
         Vampiric Draining |       |    12 |    10 ||    22
         Animate Dead      |       |       |     1 ||     1
    Use: Scroll            |       |     4 |     4 ||     8
 Armour: Robe              |     2 |    10 |     8 ||    20
  Dodge: Dodged            |    21 |    48 |    49 ||   118

Levels and vault maps discovered:
D:1:      dpeg_arrival_short_road, layout_loops_ring, st_stairs_7
D:2:      layout_loops_cross, minmay_circle_x
D:3:      layout_loops_ring, ebering_ghost_rock_garden, dk_noncrumbling_4,
          uniq_sigmund
D:4:      layout_layer_cave, jmf_multi_god_temple
D:5:      layout_loops_corners, minmay_temple_entry_statues_pillars
D:6:      layout_rooms, minmay_misc_feat_tiny, uniq_maggie
Temple:   hellmonk_temple_rainy

Notes
Turn   | Place    | Note
-------+----------+-------------------------------------------
     0 | D:1      | ytrimaz the Mummy Necromancer began the quest for the Orb.
     0 | D:1      | Reached XP level 1. HP: 13/13 MP: 4/4
     0 | D:1      | magus.rc [v1.9.6]
   311 | D:1      | Reached XP level 2. HP: 20/20 MP: 3/5
   394 | D:1      | Reached skill level 1 in Fighting
   394 | D:1      | Reached skill level 3 in Spellcasting
   637 | D:1      | You pick up a book of Blasting and begin reading...
   637 | D:1      | You add the spells Volatile Blastmotes, Fulminant Prism,
                  | Iskenderun's Mystic Blast and Lee's Rapid Deconstruction to
                  | your library.
   817 | D:1      | Gained mutation: You are in touch with the powers of death.
                  | [Mummy growth]
   817 | D:1      | Reached XP level 3. HP: 26/26 MP: 5/7
   821 | D:1      | Learned a level 3 spell: Vampiric Draining
  1227 | D:2      | Reached skill level 2 in Fighting
  1281 | D:2      | Reached XP level 4. HP: 30/33 MP: 0/9
  1636 | D:2      | You pick up a book of Scorching and begin reading...
  1636 | D:2      | You add the spells Scorch, Flame Wave and Summon Cactus
                  | Giant to your library.
  1686 | D:2      | Learned a level 4 spell: Animate Dead
  1851 | D:2      | You add the spells Poisonous Vapours, Ignite Poison and
                  | Maxwell's Capacitive Coupling to your library.
  1851 | D:2      | Got Boarer's Exposition on Galvanic Composition
  2082 | D:3      | Noticed Sigmund
  2415 | D:4      | Reached skill level 5 in Necromancy
  2603 | D:3      | Reached XP level 5. HP: 35/40 MP: 4/10
  2757 | D:3      | Killed Sigmund
  2758 | D:3      | Reached skill level 3 in Fighting
  2758 | D:3      | Reached skill level 4 in Spellcasting
  2758 | D:3      | Reached XP level 6. HP: 26/48 MP: 0/12
  3354 | D:3      | You add the spells Cigotuvi's Dreadful Rot and Freezing
                  | Cloud to your library.
  3450 | D:3      | Found a runed translucent gate.
  3451 | D:3      | Found a runed translucent gate.
  3451 | D:3      | Found a runed translucent gate.
  3451 | D:3      | Noticed roflturtle's ghost (amateur TeFE)
  3963 | D:4      | Reached skill level 4 in Fighting
  3969 | D:4      | Learned a level 5 spell: Agony
  4177 | D:4      | Found a hide-covered altar of Uskayaw.
  4178 | D:4      | Found a broken altar of Ashenzari.
  4906 | D:5      | Entered Level 5 of the Dungeon
  4973 | D:5      | Reached skill level 6 in Necromancy
  4986 | D:5      | Reached XP level 7. HP: 43/54 MP: 1/14
  5005 | D:5      | Reached skill level 5 in Spellcasting
  5912 | D:5      | Found a staircase to the Ecumenical Temple.
  5920 | D:5      | Reached skill level 6 in Spellcasting
  5926 | Temple   | Entered the Ecumenical Temple
  6078 | D:6      | Reached skill level 7 in Necromancy
  6097 | D:6      | Reached skill level 5 in Fighting
  6097 | D:6      | Reached XP level 8. HP: 33/62 MP: 1/18
  6102 | D:6      | Noticed Maggie
  6296 | D:6      | HP: 14/62 [Maggie/bolt of fire (28)]
  6309 | D:6      | HP: 13/62 [white imp/puff of frost (5)]
  6318 | D:6      | HP: 15/62 [white imp/puff of frost (4)]
  6324 | D:6      | HP: 7/62 [white imp/puff of frost (5)]
  6326 | D:6      | HP: 2/62 [white imp (2)]
  6326 | D:6      | Slain by a white imp

Vanquished Creatures
  Sigmund (D:3)
  A water moccasin (D:6)
  A sky beast (D:5)
  An ogre (D:4)
  A centaur (D:5)
  2 scorpions
  2 howler monkeys
  2 hounds (D:5)
  An orc priest (D:5)
  4 iguanas
  5 adders
  2 ufetubi (D:4)
  A dart slug (D:1)
  12 orcs
  12 endoplasms
  5 giant cockroaches
  10 goblins
  5 hobgoblins
  2 jackals (D:1)
  4 quokkas
  12 ball pythons
  8 bats
  5 frilled lizards
  7 kobolds
  7 rats
113 creatures vanquished.

Vanquished Creatures (collateral kills)
  A sky beast (D:6)
  An adder (D:4)
  A dart slug (D:2)
  An orc (D:6)
  An endoplasm (D:1)
  A hobgoblin (D:2)
  A quokka (D:2)
  A frilled lizard (D:2)
8 creatures vanquished.

Vanquished Creatures (others)
  A scorpion zombie (D:6)
  An orc zombie (D:6)
2 creatures vanquished.

Grand Total: 123 creatures vanquished

Table legend:
 A = Non-vault XP
 B = Vault XP
 C = Vault XP percentage of total XP
 D = Non-vault monster count
 E = Vault monster count
 F = Vault count percentage of total count
                 A         B        C        D         E       F
            +---------+---------+-------+---------+---------+-------
      Total |    1411 |     269 |  16.0 |     113 |       8 |   6.6
            +---------+---------+-------+---------+---------+-------
        D:1 |      41 |       1 |   2.4 |      24 |       1 |   4.0
        D:2 |      66 |      22 |  25.0 |      27 |       4 |  12.9
        D:3 |      57 |     231 |  80.2 |      25 |       1 |   3.8
        D:4 |     198 |      15 |   7.0 |      15 |       2 |  11.8
        D:5 |     544 |       0 |   0.0 |      12 |       0 |   0.0
        D:6 |     505 |       0 |   0.0 |      10 |       0 |   0.0
            +---------+---------+-------+---------+---------+-------

Skill      XL: |  1  2  3  4  5  6  7 |
---------------+----------------------+-----
Fighting       | 1 2 3 4 5 |  5.1
Spellcasting   | 3 4 6 |  6.9
Necromancy     | 5 6 7 |  7.3
Dodging        | |  1.5
Stealth        | |  1.5

Action                     |  1- 3 |  4- 6 |  7- 9 || total
---------------------------+-------+-------+-------++-------
  Melee: Unarmed           |     9 |    19 |    40 ||    68
   Cast: Necrotise         |    60 |   106 |    43 ||   209
         Vampiric Draining |       |    12 |    10 ||    22
         Animate Dead      |       |       |     1 ||     1
    Use: Scroll            |       |     4 |     4 ||     8
 Armour: Robe              |     2 |    10 |     8 ||    20
  Dodge: Dodged            |    21 |    48 |    49 ||   118

Illustrated notes

Table legend:
 A = Kills in this place as a percentage of kills in the entire game.
 B = Kills by you in this place as a percentage of kills by you in the entire game.
 C = Kills by friends in this place as a percentage of kills by friends in the entire game.
 D = Other kills in this place as a percentage of other kills in the entire game.
 E = Experience gained in this place as a percentage of experience gained in the entire game.
 F = Experience gained in this place divided by the number of levels of this place that you have seen.
                   A       B       C       D       E      F
               +-------+-------+-------+-------+-------+----------------------
         Total | 100.0 | 100.0 | 100.0 |   N/A | 100.0 | 240.0
       Dungeon | 100.0 | 100.0 | 100.0 |   N/A | 100.0 | 280.0
               +-------+-------+-------+-------+-------+----------------------

Table legend: (Time is in decaauts)
 A = Elapsed time spent in this place.
 B = Non-inter-level travel time spent in this place.
 C = Inter-level travel time spent in this place.
 D = Time resting spent in this place.
 E = Time spent auto-exploring this place.
 F = Levels seen in this place.
 G = Mean time per level.
                   A        B        C        D        E       F      G
               +--------+--------+--------+--------+--------+-----+--------+
         Total |   6324 |   6119 |    205 |    130 |   5092 |   7 |  903.4 |
       Dungeon |   6275 |   6083 |    192 |    130 |   5061 |   6 | 1045.8 |
        Temple |     48 |     35 |     13 |      0 |     31 |   1 |   48.0 |
               +--------+--------+--------+--------+--------+-----+--------+

Top non-repeatable levels by time:
     D:4: 1654 daAuts
     D:3: 1175 daAuts
     D:1: 1091 daAuts
     D:5: 1082 daAuts
     D:2: 1006 daAuts
     D:6: 265 daAuts
  Temple: 48 daAuts
